 Dungeon Crawl Stone Soup version 0.30-a0-141-g30f27751c5 (webtiles) character file.

Game seed: 16102469857001963991

2 Julmuri the Chiller (level 1, 0/13 HPs)
             Began as a Human Ice Elementalist on Sept 25, 2022.
             Succumbed to an adder's poison
             ... on level 2 of the Dungeon.
             The game lasted 00:01:05 (179 turns).

Julmuri the Chiller (Human Ice Elementalist)         Turns: 179, Time: 00:01:05

Health: 0/13       AC:  2    Str:  8    XL:     1   Next: 44%
Magic:  1/3        EV: 12    Int: 15    God:
Gold:   6          SH:  0    Dex: 13    Spells: 3/4 levels left

rFire   . . .      SeeInvis .    (no weapon)
rCold   . . .      Faith    .    (no shield)
rNeg    . . .      Spirit   .    a - +0 robe
rPois   .          Reflect  .    (no helmet)
rElec   .          Harm     .    (no cloak)
rCorr   .          Rampage  .    (no gloves)
Will    .....                    (no boots)
Stlth   ++........               (no amulet)
HPRegen 0.04/turn                (no ring)
MPRegen 0.08/turn                (no ring)

@: lethally poisoned (0 -> -8)
A: no striking features
a: no special abilities


You were on level 2 of the Dungeon.
You visited 1 branch of the dungeon, and saw 2 of its levels.

You collected 6 gold pieces.

Inventory:

Armour
 a - a +0 robe (worn)
Potions
 b - a potion of magic


   Skills:
 + Level 2.0 Dodging
 + Level 2.0 Stealth
 + Level 2.0 Spellcasting
 + Level 4.1 Ice Magic


You had 3 spell levels left.
You knew the following spells:

 Your Spells              Type           Power      Damage    Failure   Level
a - Freeze                Ice            52%        1d7       4%          1

Your spell library contained the following spells:

 Spells                   Type           Power      Damage    Failure   Level
 Frozen Ramparts          Ice            26%        1d4       12%         3
 Ozocubu's Armour         Ice            13%        N/A       12%         3
 Hailstorm                Conj/Ice       7%         3d4       67%         4


Dungeon Overview and Level Annotations

Branches:
Dungeon (2/15)

Altars:


Message History

You freeze the adder.
The adder is lightly wounded.
The adder misses you.
You freeze the adder.
The adder is heavily wounded.
The adder seems to slow down.
The adder bites you.
You freeze the adder.
The adder is severely wounded.
The adder barely misses you.
You are out of magic!
An adder comes into view.
The adder hisses angrily.
The adder is no longer moving slowly.
A giant cockroach comes into view.
The adder completely misses you. The adder closely misses you.
You are out of magic!
The adder bites you but does no damage.
You closely miss the adder.
The adder is severely wounded.
The adder bites you. The adder closely misses you. The adder misses you.
You hit the adder.
The adder is almost dead.
The adder closely misses you. The adder barely misses you. The adder bites you.
You are lethally poisoned!
The adder poisons you!
You closely miss the adder.
The adder is almost dead.
You feel sick. The adder closely misses you.
The adder bites you but does no damage.
You closely miss the adder.
The adder is almost dead.
You feel sick. The adder bites you.
* * * LOW HITPOINT WARNING * * *
You are more poisoned.
The adder poisons you! The adder completely misses you. The adder bites you.
* * * LOW HITPOINT WARNING * * *
As you read the scroll labelled JEUNEMI GISETE, it crumbles to dust.
It is a scroll of identify.
You don't have any unidentified items.
You die...

#.#.# #>.# #[..
#..#
#.<#######..###.#
#...............#
#..........###..
###.#######.# #.#.#
#.# #.S# #.#
##@#######.#
##S.....#.#
#.#####.#.#
#..#####.#.###..#
#.#..............#
###.#####)#.####...
B# #...# . ....# .
####.#


You could see 2 adders.

Vanquished Creatures
  2 goblins
2 creatures vanquished.

Notes
Turn   | Place    | Note
-------+----------+-------------------------------------------
     0 | D:1      | Julmuri the Human Ice Elementalist began the quest for the
                  | Orb.
     0 | D:1      | Reached XP level 1. HP: 13/13 MP: 3/3
   179 | D:2      | Succumbed to an adder's poison

Illustrated notes

Levels and vault maps discovered:
D:1:      minmay_arrival_shoal_huts, layout_rooms, minmay_tall_x
D:2:      layout_loops_ring, serial_shops, shop,
          ebering_ecumenical_altar_sacrificial, kennysheep_nondescript,
          minmay_rat_gold_closets

Action                   || total
-------------------------++-------
Melee: Unarmed           ||     5
 Cast: Freeze            ||     7
  Use: Scroll            ||     1
Armor: Robe              ||     4
Dodge: Dodged            ||    15

Table legend: (Time is in decaauts)
 A = Elapsed time spent in this place.
 B = Non-inter-level travel time spent in this place.
 C = Inter-level travel time spent in this place.
 D = Time resting spent in this place.
 E = Time spent auto-exploring this place.
 F = Levels seen in this place.
 G = Mean time per level.
                   A        B        C        D        E       F      G
               +--------+--------+--------+--------+--------+-----+--------+
         Total |    178 |    178 |      0 |      0 |    116 |   2 |   89.0 |
       Dungeon |    178 |    178 |      0 |      0 |    116 |   2 |   89.0 |
               +--------+--------+--------+--------+--------+-----+--------+

Top non-repeatable levels by time:
     D:2: 150 daAuts
     D:1: 28 daAuts
